 Dungeon Crawl Stone Soup version 0.29-a0-581-ge9a90b782e (webtiles) character file.

Game seed: 3874550492454245049

2386 Nedwor the Basher (level 9, 0/56 HPs)
             Began as a Gargoyle Fighter on June 14, 2022.
             Was a Believer of Okawaru.
             Slain by Maggie
             ... wielding a +1 halberd of flaming
              (6 damage)
             ... on level 6 of the Dungeon.
             The game lasted 00:18:03 (8841 turns).

Nedwor the Basher (Gargoyle Fighter)                Turns: 8841, Time: 00:18:04

Health: 0/56       AC: 18    Str: 24    XL:     9   Next: 46%
Magic:  8/9        EV:  8    Int:  9    God:    Okawaru [**....]
Gold:   377        SH:  6    Dex: 15    Spells: 8/8 levels left

rFire   + + .      SeeInvis .   a - +1 flail (vorpal)
rCold   + . .      Faith    .   c - +0 buckler
rNeg    + . .      Spirit   .   i - +0 chain mail
rPois   ∞          Reflect  .   (no helmet)
rElec   +          Harm     .   (no cloak)
rCorr   +          Rampage  .   (no gloves)
Will    .....                   q - +0 pair of boots
Stlth   ..........              (no amulet)
HPRegen 0.18/turn               k - +6 ring of dexterity
MPRegen 0.11/turn               p - ring of protection from fire

@: about to teleport, resistant
A: sickness immunity, AC +6, negative energy resistance 1, electricity
resistance, torment resistance 1, petrification resistance
a: Renounce Religion, Heroism


You were on level 6 of the Dungeon.
You worshipped Okawaru.
Okawaru was pleased with you.
You visited 2 branches of the dungeon, and saw 7 of its levels.

You collected 377 gold pieces.

Inventory:

Hand Weapons
 a - a +1 vorpal flail (weapon)
 d - a +0 morningstar
 B - a +2 whip of holy wrath
Missiles
 l - 4 silver javelins (quivered)
 w - a throwing net
Armour
 c - a +0 buckler (worn)
 i - a +0 chain mail (worn)
 q - a +0 pair of boots (worn)
Jewellery
 b - a ring of fire
 k - a +6 ring of dexterity (left hand)
 p - a ring of protection from fire (right hand)
 C - a +6 ring of intelligence
Wands
 r - a wand of polymorph (2)
 y - a wand of paralysis (12)
Scrolls
 g - a scroll of enchant weapon
 h - a scroll of teleportation
 u - a scroll of torment {unknown}
 v - a scroll of poison
Potions
 e - 2 potions of lignification
 f - 3 potions of brilliance
 j - a potion of curing {unknown}
 m - 2 potions of resistance
 n - 2 potions of ambrosia
 o - a potion of haste
 s - 3 potions of flight
 t - 3 potions of heal wounds
 x - 2 potions of attraction
 z - a potion of degeneration {unknown}
 D - 2 potions of cancellation {unknown}


   Skills:
 + Level 6.9 Fighting
 * Level 8.1 Maces & Flails
 + Level 6.9 Armour
 + Level 6.9 Shields


You had 8 spell levels left.
You didn't know any spells.
Your spell library contained the following spells:

 Spells                   Type           Power      Damage    Failure   Level
 Magic Dart               Conj           0%         1d3       97%         1
 Necrotize                Necr           0%         1d4       97%         1
 Sandblast                Erth           0%         2d4       97%         1
 Passwall                 Tmut/Erth      0%         N/A       99%         2
 Mephitic Cloud           Conj/Pois/Air  0%         N/A       100%        3
 Stone Arrow              Conj/Erth      0%         3d7       100%        3
 Vampiric Draining        Necr           0%         2d6       100%        3
 Agony                    Necr           0%         N/A       100%        5
 Call Imp                 Summ           Unusable   N/A       N/A         2

Dungeon Overview and Level Annotations

Branches:
Dungeon (6/15)             Temple (1/1) D:4

Altars:
Cheibriados
Elyvilon
Gozag
Kikubaaqudgha
Okawaru
Qazlal
Uskayaw
Xom
The Shining One

Annotations:
D:6 Dowan, Duvessa, Maggie


Innate Abilities, Weirdness & Mutations

You are immune to sickness and miasma.
Your stone body is resilient. (AC +6)
You are immune to poison.
You resist negative energy. (rN+)
You are resistant to electric shocks. (rElec)
You are resistant to unholy torment.
You are immune to petrification.


Message History

You break out of your daze.
Something hits you but does no damage. The gnoll hits you but does no damage.
The gnoll shaman invokes the aid of its god against you.
You easily resist.
You miss something. The gnoll barely misses you. You block the gnoll's attack.
The gnoll shaman barely misses you. Something hits you but does no damage.
Dowan smirks and points a slender finger.
You closely miss something. You closely miss something.
Something hits you but does no damage. The gnoll barely misses you.
The gnoll hits you with a +0 spear.
The gnoll shaman hits you but does no damage.
You hit something but do no damage. You block Duvessa's attack.
You hear some strange, mumbled words.
You block the gnoll's attack. The gnoll closely misses you.
The gnoll shaman barely misses you.
Dowan gestures wildly while chanting.
Dowan blinks!
You closely miss something. You block Duvessa's attack. Something hits you.
The gnoll completely misses you. The gnoll hits you but does no damage.
The gnoll shaman hits you with a +0 spear.
You miss something. You miss something. You block Duvessa's attack.
Something hits you but does no damage.
The gnoll hits you from afar with a +0 halberd!
* * * LOW HITPOINT WARNING * * *
The gnoll closely misses you. The gnoll hits you but does no damage.
The gnoll shaman closely misses you.
You miss something. Duvessa hits you with a +0 short sword.
* * * LOW HITPOINT WARNING * * *
You hear some strange, mumbled words.
The gnoll closely misses you. The gnoll hits you with a +0 spear.
* * * LOW HITPOINT WARNING * * *
You block the gnoll's attack.
The gnoll shaman hits you but does no damage.
As you read the scroll of teleportation, it crumbles to dust.
You feel strangely unstable.
You feel like a meek peon again. Duvessa hits you but does no damage.
The gnoll hits you but does no damage. Something hits you.
You die...

#.#### #.# #.#
#.### ##...## .
#####.....##..
#.............
#.#...........#
#..g@e......#
....$.g{ge.....#
##.##..g....#..#
#. ##.....##..#
# ........
#.........
#.#.######.
#.#.#


You could see Duvessa, Dowan, a gnoll shaman and 3 gnolls.

Vanquished Creatures
  Menkaure (D:4)
  A water moccasin (D:6)
  A sky beast (D:6)
  3 ogres
  The ghost of paps the Caller, an amateur OpSu (D:3)
  A kobold brigand (D:5)
  A bullfrog (D:6)
  3 scorpions
  4 howler monkeys (D:5)
  4 hounds
  5 orc priests
  3 gnoll shamans
  Natasha (thrice) (D:2)
  4 iguanas
  Ijyb (D:5)
  8 orc wizards (D:5)
  25 gnolls
  7 adders
  3 hound simulacra (D:3)
  2 shadow imps
  4 white imps
  2 worms (D:2)
  An adder simulacrum (D:3)
  2 dart slugs
  26 orcs
  10 endoplasms
  2 giant cockroaches
  7 goblins
  6 hobgoblins
  14 jackals (D:5)
  3 quokkas (D:2)
  6 ball pythons
  7 bats
  3 frilled lizards
  8 kobolds
  5 rats
187 creatures vanquished.

Vanquished Creatures (others)
  A human (D:3)
  2 plants (D:5)
3 creatures vanquished.

Grand Total: 190 creatures vanquished

Notes
Turn   | Place    | Note
-------+----------+-------------------------------------------
     0 | D:1      | Nedwor the Gargoyle Fighter began the quest for the Orb.
     0 | D:1      | Reached XP level 1. HP: 14/14 MP: 1/1
   206 | D:1      | Reached XP level 2. HP: 19/19 MP: 2/2
   859 | D:1      | Found a shimmering altar of Xom.
   886 | D:1      | Reached XP level 3. HP: 22/23 MP: 3/3
  1241 | D:2      | HP: 1/23 [adder (2)]
  1695 | D:2      | Reached skill level 3 in Maces & Flails
  1785 | D:2      | Found a faded altar of an unknown god.
  1833 | D:2      | Reached XP level 4. HP: 29/29 MP: 4/4
  1838 | D:2      | Noticed Natasha
  1853 | D:2      | Killed Natasha
  2379 | D:2      | Noticed Natasha
  2390 | D:2      | Killed Natasha
  2391 | D:2      | Reached XP level 5. HP: 14/33 MP: 5/5
  2585 | D:2      | Noticed Natasha
  2599 | D:2      | Killed Natasha
  2743 | D:3      | Found an ancient bone altar of Kikubaaqudgha.
  2744 | D:3      | Noticed a human
  2748 | D:3      | Killed a human
  2910 | D:3      | Found a runed translucent gate.
  2910 | D:3      | Found a runed translucent gate.
  2910 | D:3      | Found a runed translucent gate.
  3003 | D:3      | Noticed paps's ghost (amateur OpSu)
  3491 | D:3      | Killed paps's ghost
  3492 | D:3      | Reached skill level 4 in Maces & Flails
  3492 | D:3      | Reached XP level 6. HP: 25/39 MP: 6/6
  4225 | D:4      | Reached XP level 7. HP: 4/44 MP: 7/7
  4834 | D:4      | Found a staircase to the Ecumenical Temple.
  4849 | D:4      | Reached skill level 5 in Maces & Flails
  5003 | Temple   | Entered the Ecumenical Temple
  5092 | Temple   | Became a worshipper of Warmaster Okawaru
  5140 | D:4      | Identified the +0 leather armour "Icaaros" {Rampage Will-
                  | Dex+9}
  5262 | D:4      | Reached skill level 5 in Armour
  5388 | D:4      | Reached skill level 5 in Shields
  5420 | D:4      | Reached skill level 5 in Fighting
  5501 | D:4      | Noticed Menkaure
  5510 | D:4      | Killed Menkaure
  5694 | D:4      | You fall into a shaft and drop 1 floor!
  5694 | D:5      | Entered Level 5 of the Dungeon
  5730 | D:5      | Reached XP level 8. HP: 14/49 MP: 8/8
  6379 | D:5      | Reached skill level 6 in Maces & Flails
  6417 | D:5      | Reached * piety under Okawaru
  6929 | D:5      | Noticed Ijyb
  6935 | D:5      | Killed Ijyb
  7413 | D:5      | Reached skill level 7 in Maces & Flails
  7675 | D:5      | Reached XP level 9. HP: 44/55 MP: 9/9
  8071 | D:5      | Reached ** piety under Okawaru
  8666 | D:6      | Reached skill level 8 in Maces & Flails
  8821 | D:6      | Noticed Maggie
  8828 | D:6      | Noticed Duvessa
  8831 | D:6      | Noticed Dowan
  8841 | D:6      | Slain by Maggie

Illustrated notes

Levels and vault maps discovered:
D:1:      spicycebolla_arrival_transporter_tutorial, layout_basic,
          minmay_misc_feat_secret_circle, kennysheep_flooded_box,
          bh_walls_and_bars
D:2:      minmay_razor_zed, layout_basic, ebering_ecumenical_altar_ruins,
          fountainhead, uniq_natasha
D:3:      layout_rooms, tgw_kikubaaqudgha, gammafunk_ghost_icy
D:4:      layout_basic, minmay_temple_entry_nine_rooms, serial_co_window_serial,
          co_window_cross_1, co_window_paths_a, co_window_paths_a,
          co_window_paths_a, co_window_paths_a, co_window_corner_a,
          co_window_paths_b, co_window_paths_a, co_window_paths_a,
          co_window_corner_cb, co_window_corner_cb, co_window_of_opportunity_b,
          co_window_paths_c, co_window_of_opportunity_c, co_window_2corner,
          co_window_of_opportunity_b, co_window_paths_e, uniq_menkaure
D:5:      lemuel_castle_with_subvaults [lemuel_castle_interior_carwin_2],
          layout_loops_corners, minmay_fractal_squares_diagonal_5, uniq_ijyb
D:6:      layout_loops_ring, uniq_duvessa, uniq_maggie
Temple:   mainiacjoe_temple_circle_huts

Skill      XL: |  1  2  3  4  5  6  7  8  9 |
---------------+----------------------------+-----
Maces & Flails | 3 4 5 7 8 |  8.1
Armour         | 4 5 6 |  6.9
Fighting       | 4 5 6 |  6.9
Shields        | 4 5 6 |  6.9

Action                   |  1- 3 |  4- 6 |  7- 9 || total
-------------------------+-------+-------+-------++-------
Melee: Flail             |   101 |   153 |   399 ||   653
       Unarmed           |       |    11 |       ||    11
Invok: Heroism           |       |       |     8 ||     8
  Use: Scroll            |       |    10 |     6 ||    16
       Potion            |       |     1 |     2 ||     3
Armor: Scale mail        |    43 |       |       ||    43
       Chain mail        |    49 |   132 |   246 ||   427
Dodge: Dodged            |    49 |    59 |   140 ||   248
Block: Buckler           |    16 |    39 |   113 ||   168

Table legend: (Time is in decaauts)
 A = Elapsed time spent in this place.
 B = Non-inter-level travel time spent in this place.
 C = Inter-level travel time spent in this place.
 D = Time resting spent in this place.
 E = Time spent auto-exploring this place.
 F = Levels seen in this place.
 G = Mean time per level.
                   A        B        C        D        E       F      G
               +--------+--------+--------+--------+--------+-----+--------+
         Total |   8941 |   8698 |    243 |   2431 |   4597 |   7 | 1277.3 |
       Dungeon |   8831 |   8637 |    194 |   2431 |   4544 |   6 | 1471.8 |
        Temple |    110 |     61 |     49 |      0 |     53 |   1 |  110.0 |
               +--------+--------+--------+--------+--------+-----+--------+

Top non-repeatable levels by time:
     D:5: 2779 daAuts
     D:4: 1824 daAuts
     D:2: 1562 daAuts
     D:1: 1192 daAuts
     D:3: 1082 daAuts
     D:6: 390 daAuts
  Temple: 110 daAuts
